 Dungeon Crawl Stone Soup version 0.30-a0-355-g4c39ff33d3 (webtiles) character file.

Game seed: 14839254176249064965

5950 Nattfarinn the Slicer (level 10, 73/84 HPs)
             Began as a Demonspawn Venom Mage on Sept 2, 2022.
             Was a Follower of Vehumet.
             Quit the game on level 8 of the Dungeon on Nov 8, 2022.
             The game lasted 00:25:32 (12513 turns).

Nattfarinn the Slicer (Demonspawn Venom Mage)      Turns: 12513, Time: 00:25:32

Health: 73/84      AC: 12    Str: 15    XL:     10   Next: 54%
Magic:  6/19       EV: 12    Int: 21    God:    Vehumet [*.....]
Gold:   422        SH:  0    Dex: 13    Spells: 10/21 levels left

rFire   + . .      SeeInvis +    j - +4 dagger (elec)
rCold   . . .      Faith    .    (no shield)
rNeg    . . .      Spirit   .    s - +2 robe {rF+}
rPois   .          Reflect  .    L - +2 helmet {SInv}
rElec   .          Harm     .    (no cloak)
rCorr   .          Rampage  .    (no gloves)
Will    .....                    l - +2 pair of boots
Stlth   ++........               (no amulet)
HPRegen 0.34/turn                o - +6 ring of strength
MPRegen 0.16/turn                (no ring)

@: no status effects
A: hooves 1, rugged brown scales 2, foul stench 2
a: Renounce Religion


You were on level 8 of the Dungeon.
You worshipped Vehumet.
Vehumet was aware of your devotion.
You visited 2 branches of the dungeon, and saw 10 of its levels.

You collected 422 gold pieces.

Inventory:

Hand Weapons
 f - a +0 short sword
 j - a +4 dagger of electrocution (weapon)
 I - a +3 whip of electrocution
Armour
 a - a +0 robe
 h - +0 ice dragon scales
 l - a +2 pair of boots (worn)
 s - a +2 robe of fire resistance (worn)
 J - a +0 leather armour of fire resistance
 L - a +2 helmet of see invisible (worn)
Jewellery
 n - a ring of resist corrosion
 o - a +6 ring of strength (left hand)
Wands
 v - a wand of charming (7)
 x - a wand of flame (45)
 A - a wand of acid (5)
 H - a wand of mindburst (8)
Scrolls
 c - 2 scrolls of teleportation
 d - 3 scrolls of silence
 p - 2 scrolls of magic mapping
 q - a scroll of torment
 t - 2 scrolls of fear {unknown}
 u - 3 scrolls of fog
 y - a scroll of brand weapon {unknown}
 D - a scroll of amnesia {unknown}
 F - a scroll of blinking {unknown}
 G - a scroll of poison {unknown}
 K - a scroll of immolation {unknown}
Potions
 b - 2 potions of magic
 e - a potion of ambrosia {unknown}
 g - 5 potions of brilliance
 i - 4 potions of curing
 r - a potion of cancellation {unknown}
 w - a potion of attraction {unknown}
 z - a potion of heal wounds {unknown}
 B - a potion of resistance {unknown}
 C - 2 potions of degeneration
 E - a potion of haste


   Skills:
 + Level 8.0 Fighting
 - Level 10.0 Short Blades
 - Level 1.7 Dodging
 - Level 1.7 Stealth
 - Level 6.1 Spellcasting
 - Level 0.8 Transmutations
 - Level 6.3 Poison Magic


You had 10 spell levels left.
You knew the following spells:

 Your Spells              Type           Power      Damage    Failure   Level
a - Sting                 Tmut/Pois      84%        1d7       2%          1
b - Olgreb's Toxic Radia  Pois           33%        N/A       7%          4
c - Poisonous Vapours     Pois/Air       38%        N/A       4%          2
d - Mephitic Cloud        Conj/Pois/Air  15%        N/A       12%         3
e - Sandblast             Erth           12%        2d6       10%         1

Your spell library contained the following spells:

 Spells                   Type           Power      Damage    Failure   Level
 Slow                     Hex            24%        N/A       10%         1
 Summon Small Mammal      Summ           24%        N/A       10%         1
 Passwall                 Tmut/Erth      6%         N/A       12%         2
 Ensorcelled Hibernation  Hex/Ice        12%        N/A       14%         2
 Call Canine Familiar     Summ           6%         N/A       28%         3
 Confusing Touch          Hex            6%         N/A       28%         3
 Ozocubu's Armour         Ice            6%         N/A       28%         3
 Summon Guardian Golem    Hex/Summ       6%         N/A       28%         3
 Swiftness                Air            6%         N/A       28%         3
 Vampiric Draining        Necr           6%         2d6       28%         3
 Metabolic Englaciation   Hex/Ice        3%         N/A       95%         5
 Simulacrum               Ice/Necr       3%         N/A       100%        6
 Ozocubu's Refrigeration  Ice            3%         4d8       100%        7


Dungeon Overview and Level Annotations

Branches:
Dungeon (9/15)             Temple (1/1) D:7             Orc (0/2) D:9
   Lair: D:8-11

Altars:
Ashenzari
Cheibriados
Dithmenos
Fedhas
Kikubaaqudgha
Makhleb
Nemelex Xobeh
Okawaru
Qazlal
Ru
Sif Muna
Trog
Vehumet
Wu Jian
Xom
Yredelemnul

Shops:
D:3 :

Annotations:
D:3 1 runed translucent door, Crazy Yiuf
D:8 2 transporters


Innate Abilities, Weirdness & Mutations

You have large cloven feet.
You are mostly covered in rugged brown scales. (AC +2, +5% HP)
You sometimes emit foul miasma when damaged in melee.


Message History

The orc warrior looks even sicker. x2
Unknown command.
The orc warrior looks as sick as possible!
The orc warrior looks even sicker.
Your toxic aura wanes.
Casting: Olgreb's Toxic Radiance (dangerous; 7% risk of failure)
Confirm with . or Enter, or press ? or * to list all spells.
You miscast Olgreb's Toxic Radiance.
You are very lightly contaminated with residual magic.
You feel odd.
You are poisoned.
You feel sick.
You feel sick.
You feel sick.
Casting: Olgreb's Toxic Radiance (dangerous; 7% risk of failure)
Confirm with . or Enter, or press ? or * to list all spells.
You begin to radiate toxic energy.
The orc warrior looks even sicker.
The orc warrior looks as sick as possible! x2
The orc warrior looks even sicker.
You feel sick.
You are no longer poisoned.
You kill the orc warrior!
Vehumet accepts your kill.
You kill the orc warrior!
Vehumet accepts your kill.
Your toxic aura wanes.
You kill the orc warrior!
Vehumet accepts your kill.
Your Fighting skill increases to level 8!
Your magical contamination has completely faded away.
There is a stone staircase leading up here.
You climb upwards.
Level annotation: 2 transporters
There is a stone staircase leading down here.
Level annotation: 2 transporters Welcome back, Nattfarinn the Demonspawn Venom Mage.
Vehumet says: Let it end in hellfire!
Press ? for a list of commands and other information.
Enter note: Unknown command.
Are you sure you want to abandon this character and quit the game? (Confirm with "yes".)

##########.'.._..'
#........#.###.###
#..........# #.# #
#..........###+###
#.................
#..........)..#.##
#............##...
#............#####
#@...........#
######.#.######'#######
#......#..# #.......##
##.#.#..##.####.......##
#......'##..............
###..#.#....#####.......##
#..................#....##
#..................#######
#..................# #..


There were no monsters in sight!

Vanquished Creatures
  A two-headed ogre (D:8)
  Pikel (D:4)
  Joseph (D:7)
  A troll (D:8)
  Grinder (D:6)
  A vampire mosquito (D:8)
  8 orc warriors
  2 ice beasts
  2 sky beasts (D:7)
  A black bear (D:5)
  3 centaurs
  A kobold brigand (D:8)
  3 phantoms
  Blork the orc (D:4)
  3 bullfrogs
  A necrophage (D:7)
  9 scorpions
  2 gnoll sergeants
  5 wights (D:8)
  2 howler monkeys (D:8)
  4 orc priests
  A gnoll bouda (D:5)
  6 hounds
  Jessica (D:3)
  3 iguanas (D:5)
  5 orc wizards
  Natasha (thrice) (D:4)
  10 gnolls
  8 adders
  A shadow imp (D:6)
  A white imp (D:7)
  4 adder zombies (D:2)
  2 adder skeletons (D:2)
  A worm (D:4)
  3 dart slugs
  39 orcs
  6 ball pythons
  2 bat skeletons (D:2)
  5 endoplasms
  4 giant cockroaches
  8 goblins
  7 hobgoblins
  7 jackals
  6 kobolds
  5 quokkas
  A ball python skeleton (D:2)
  13 bats
  4 frilled lizards
  9 rats
218 creatures vanquished.

Vanquished Creatures (others)
  6 fungi (D:5)
  8 plants (D:3)
14 creatures vanquished.

Grand Total: 232 creatures vanquished

Notes
Turn   | Place    | Note
-------+----------+-------------------------------------------
     0 | D:1      | Nattfarinn the Demonspawn Venom Mage began the quest for
                  | the Orb.
     0 | D:1      | Reached XP level 1. HP: 13/13 MP: 3/3
   294 | D:1      | Gained mutation: You have large cloven feet. [demonic
                  | ancestry]
   294 | D:1      | Reached XP level 2. HP: 19/19 MP: 3/5
   965 | D:1      | Reached skill level 1 in Short Blades
   996 | D:1      | Gained mutation: You may rarely emit foul miasma when
                  | damaged in melee. [demonic ancestry]
   996 | D:1      | Reached XP level 3. HP: 24/24 MP: 6/6
  1467 | D:2      | Reached skill level 2 in Short Blades
  1836 | D:2      | Reached XP level 4. HP: 20/30 MP: 1/7
  2315 | D:3      | Reached skill level 3 in Short Blades
  2517 | D:3      | Noticed Jessica
  2534 | D:3      | Killed Jessica
  2673 | D:3      | Found a shadowy altar of Dithmenos.
  2811 | D:3      | Gained mutation: You sometimes emit foul miasma when
                  | damaged in melee. [demonic ancestry]
  2811 | D:3      | Reached XP level 5. HP: 35/35 MP: 4/8
  2814 | D:3      | Reached skill level 4 in Short Blades
  2905 | D:3      | Found Ekol's Book Shop.
  3079 | D:3      | Found a sacrificial altar of Ru.
  3159 | D:3      | Found a runed translucent door.
  3160 | D:3      | Noticed Crazy Yiuf
  3187 | D:4      | Noticed a lemure
  3359 | D:4      | Noticed Natasha
  3366 | D:4      | Killed Natasha
  3382 | D:4      | Noticed Natasha
  3384 | D:4      | Noticed Blork the orc
  3626 | D:4      | Killed Natasha
  3984 | D:4      | Killed Blork the orc
  3985 | D:4      | Reached skill level 5 in Short Blades
  3985 | D:4      | Reached XP level 6. HP: 22/41 MP: 1/9
  4274 | D:4      | Found a basalt altar of Yredelemnul.
  4287 | D:4      | Noticed Pikel
  4314 | D:4      | Killed Pikel
  4315 | D:4      | Reached skill level 7 in Short Blades
  4315 | D:4      | Gained mutation: You are partially covered in rugged brown
                  | scales. (AC +1, +3% HP) [demonic ancestry]
  4315 | D:4      | Reached XP level 7. HP: 28/47 MP: 0/10
  4617 | D:4      | Noticed Natasha
  4623 | D:4      | Killed Natasha
  5879 | D:5      | Entered Level 5 of the Dungeon
  5884 | D:5      | Reached XP level 8. HP: 49/53 MP: 6/11
  5952 | D:4      | Learned a level 4 spell: Olgreb's Toxic Radiance
  6140 | D:5      | Reached skill level 5 in Poison Magic
  6656 | D:5      | Found a burning altar of Makhleb.
  7755 | D:5      | Reached skill level 5 in Spellcasting
  7898 | D:5      | Learned a level 2 spell: Poisonous Vapours
  7902 | D:5      | Learned a level 3 spell: Mephitic Cloud
  7921 | D:6      | Reached XP level 9. HP: 42/58 MP: 5/17
  8326 | D:6      | Reached skill level 8 in Short Blades
  8408 | D:6      | Found a sparkling altar of Nemelex Xobeh.
  8673 | D:6      | Noticed Grinder
  8684 | D:6      | Paralysed by Grinder for 5 turns
  8692 | D:6      | Killed Grinder
  8884 | D:7      | Noticed Joseph
  8903 | D:7      | Killed Joseph
  8904 | D:7      | Reached skill level 9 in Short Blades
  9263 | D:7      | Identified the +2 cloak "Lefam" {-Cast Rampage Fly rF+}
  9613 | D:7      | Reached skill level 10 in Short Blades
  9629 | D:7      | Found a staircase to the Ecumenical Temple.
  9644 | D:7      | Reached skill level 1 in Fighting
  9885 | Temple   | Entered the Ecumenical Temple
  9991 | Temple   | Became a worshipper of Vehumet
 10985 | D:8      | Gained mutation: You are mostly covered in rugged brown
                  | scales. (AC +2, +5% HP) [demonic ancestry]
 10985 | D:8      | Reached XP level 10. HP: 50/74 MP: 6/19
 11360 | D:8      | Reached skill level 5 in Fighting
 11578 | D:8      | Found a broken altar of Ashenzari.
 11757 | D:8      | Found a transporter.
 11758 | D:8      | Noticed a deep elf knight
 11759 | D:8      | Found a transporter.
 11879 | D:8      | Noticed a two-headed ogre
 11945 | D:8      | Killed a two-headed ogre
 12226 | D:8      | Reached * piety under Vehumet
 12226 | D:8      | Offered knowledge of Sandblast by Vehumet.
 12229 | D:8      | Learned a level 1 spell: Sandblast
 12414 | D:8      | Found a stormy altar of Qazlal.
 12488 | D:9      | Found a staircase to the Orcish Mines.
 12513 | D:8      | Upgraded the game from 0.30-a0-49-g1cef19eb02 to
                  | 0.30-a0-355-g4c39ff33d3
 12513 | D:8      | Quit the game

Illustrated notes

Levels and vault maps discovered:
D:1:      erik_arrival_triangle_medium, layout_basic
D:2:      layout_rooms, serial_undead, serial_undead_d, serial_undead_d,
          serial_undead_e, serial_undead_a, serial_undead_b, serial_undead_f,
          serial_undead_c, minmay_tripent
D:3:      layout_basic, nicolae_ru_path_of_blood, mainiacjoe_overflow_boulevard,
          grunt_dithmenos_smoke_and_mirrors, serial_shops, shop,
          uniq_crazy_yiuf_cottage, uniq_jessica
D:4:      layout_basic, yredelemnul_altar_generic, uniq_pikel, uniq_natasha,
          uniq_blork_the_orc
D:5:      old_forge, layout_loops_cross, mainiacjoe_overflow_small_starburst,
          old_standard_altar
D:6:      layout_basic, nemelex_spade_bored_becter, minivault_19, uniq_grinder
D:7:      layout_gridville, minmay_temple_entry_poolview, uniq_joseph
D:8:      gammafunk_wand_slinger, layout_basic, lemuel_doored_altar,
          cheibrodos_ashenzari_chains, serial_glass, glass_columns_c,
          glass_columns_c, glass_columns_a, glass_columns_a,
          kennysheep_kite_vault
D:9:      layout_basic, kennysheep_mini_moat, mainiacjoe_overflow_catwalk,
          david_orc_2, serial_shops, nicolae_stop_n_shop_2, nicolae_square_shop,
          serial_co_window_serial, co_window_of_opportunity_a,
          co_window_corner_a, co_window_paths_a, co_window_corner_a,
          co_window_corner_a, co_window_unsneaky_path_e, co_window_broadway_c,
          co_window_of_opportunity_c, co_window_of_opportunity_b,
          co_window_paths_d, glass_columns_a, glass_columns_a
Temple:   zaba_magenta_temple

Skill      XL: |  1  2  3  4  5  6  7  8  9 10 |
---------------+-------------------------------+-----
Short Blades   | 1 2 3 5 7 10 | 10.0
Poison Magic   | 4 6 |  6.3
Spellcasting   | 5 6 |  6.1
Fighting       | 4 8 |  8.0
Dodging        | |  1.7
Stealth        | |  1.7
Transmutations | |  0.8

Action                   |  1- 3 |  4- 6 |  7- 9 | 10-12 || total
-------------------------+-------+-------+-------+-------++-------
Melee: Short sword       |     5 |       |       |       ||     5
       Dagger            |    76 |    73 |   137 |    68 ||   354
       Kick              |     7 |       |       |       ||     7
       Punch             |     1 |       |     3 |     1 ||     5
 Cast: Sting             |    53 |    54 |   193 |    32 ||   332
       Olgreb's Toxic Ra |       |       |    19 |    10 ||    29
       Poisonous Vapours |       |       |     6 |     6 ||    12
       Mephitic Cloud    |       |       |     2 |     2 ||     4
  Use: Scroll            |       |       |    10 |     5 ||    15
 Stab: Sleeping          |     1 |     1 |     1 |       ||     3
       Confused          |       |       |     1 |     2 ||     3
Armor: Robe              |    37 |     6 |    48 |    19 ||   110
       Ice dragon scales |       |    31 |       |       ||    31
Dodge: Dodged            |    79 |    50 |   117 |    34 ||   280

Table legend: (Time is in decaauts)
 A = Elapsed time spent in this place.
 B = Non-inter-level travel time spent in this place.
 C = Inter-level travel time spent in this place.
 D = Time resting spent in this place.
 E = Time spent auto-exploring this place.
 F = Levels seen in this place.
 G = Mean time per level.
                   A        B        C        D        E       F      G
               +--------+--------+--------+--------+--------+-----+--------+
         Total |  12423 |  12056 |    367 |   3148 |   7334 |  10 | 1242.3 |
       Dungeon |  12304 |  11982 |    322 |   3148 |   7281 |   9 | 1367.1 |
        Temple |    119 |     74 |     45 |      0 |     53 |   1 |  119.0 |
               +--------+--------+--------+--------+--------+-----+--------+

Top non-repeatable levels by time:
     D:4: 2110 daAuts
     D:7: 1981 daAuts
     D:3: 1910 daAuts
     D:5: 1587 daAuts
     D:8: 1436 daAuts
     D:1: 1255 daAuts
     D:2: 1019 daAuts
     D:6: 964 daAuts
  Temple: 119 daAuts
     D:9: 38 daAuts
